 Dungeon Crawl Stone Soup version 0.19.0-19-g8c6edcc (webtiles) character file.

140 Monkfish the Cutter (level 5, -1/33 HPs)
             Began as a Kobold Berserker on Nov 12, 2016.
             Was a Believer of Trog.
             Killed by divine providence
             ... invoked by an orc priest
              (13 damage)
             ... on level 3 of the Dungeon.
             The game lasted 00:03:08 (1875 turns).

Monkfish the Cutter (Kobold Berserker)              Turns: 1875, Time: 00:03:08

Health: -1/33      AC:  5    Str: 14    XL:     5   Next: 46%
Magic:  5/5        EV: 16    Int:  8    God:    Trog [**....]
Gold:   118        SH:  0    Dex: 16    Spells: 0 memorised, 4 levels left

rFire  . . .     SeeInvis .     a - +0 short sword
rCold  . . .     Gourm    .     b - +0 animal skin
rNeg   . . .     Faith    .     (shield restricted)
rPois  .         Spirit   .     (no helmet)
rElec  .         Reflect  .     (no cloak)
rCorr  .         Harm     .     f - +1 pair of gloves
MR     ++...                    (no boots)
Stlth  ++++......               (no amulet)
                                (no ring)
                                (no ring)

@: regenerating
A: molten scales 1, camouflage 1, carnivore 3, deformed body
a: Berserk, Trog's Hand, Burn Spellbooks, Renounce Religion


You were on level 3 of the Dungeon.
You worshipped Trog.
Trog was pleased with you.
You were not hungry.

You visited 1 branch of the dungeon, and saw 3 of its levels.

You collected 118 gold pieces.

Inventory:

Hand Weapons
 a - a +0 short sword (weapon)
Armour
 b - a +0 animal skin (worn)
 f - a +1 pair of gloves (worn)
Scrolls
 e - 3 scrolls of identify
 g - a scroll of noise {unknown}
Potions
 d - 3 potions of curing
Comestibles
 c - a meat ration
 k - a beef jerky


   Skills:
 + Level 3.9 Fighting
 + Level 5.7 Short Blades
 - Level 1.5 Armour
 + Level 3.2 Dodging
 * Level 3.6 Stealth


You had 4 spell levels left.
You didn't know any spells.

Dungeon Overview and Level Annotations

Branches:
Dungeon (3/15)

Altars:
Dithmenos
Trog
Uskayaw


Innate Abilities, Weirdness & Mutations

You are small and have problems with some larger weapons.
You are carnivorous and can eat meat at any time.
You are partially covered in molten scales. (AC +2)
Your skin changes colour to match your surroundings (Stealth+).
Armour fits poorly on your strangely shaped body.


Message History

The orc priest is lightly wounded.
You feel the effects of Trog's Hand fading.
The orc priest hits you but does no damage.
You hit the orc.
The orc is almost dead.
You feel less exhausted.
The orc hits you with an enchanted flail.
* * * LOW HITPOINT WARNING * * *
The orc priest hits you but does no damage.
You hit the orc.
You kill the orc!
Trog accepts your kill.
The orc priest begins to cast a cantrip, but forgets the words!
You barely miss the orc priest. The orc priest barely misses you.
You hit the orc priest but do no damage.
You hit the orc priest.
The orc priest is lightly wounded.
The orc priest invokes the aid of Beogh against you.
Beogh smites you!
You die...

#.....### #....... ..
#.$...[##.##
#...........
.......#.# ..
######........+ ...
<.....).......#....
#.###)......#...
#.).@o..........
#.###.......#### #.
#..........# #.
##...(....(.###### #.
#.......((.......#
#.##.......>.........
#...........##.......
###......(######.....
#....)(.# #.....


You could see an orc priest.

Vanquished Creatures
  An adder (D:2)
  3 gnolls (D:2)
  3 oozes
  A worm (D:2)
  3 dart slugs
  7 leopard geckos
  9 orcs (D:3)
  A giant cockroach (D:2)
  11 goblins
  4 hobgoblins
  6 bats
  2 frilled lizards (D:1)
  9 kobolds
  5 rats
65 creatures vanquished.

Notes
Turn   | Place    | Note
-------+----------+-------------------------------------------
     0 | D:1      | Monkfish the Kobold Berserker began the quest for the Orb.
     0 | D:1      | Reached XP level 1. HP: 14/14 MP: 1/1
   206 | D:1      | Reached skill level 1 in Stealth
   223 | D:1      | Reached XP level 2. HP: 14/19 MP: 2/2
   403 | D:1      | Reached XP level 3. HP: 16/23 MP: 3/3
   733 | D:1      | Reached ** piety under Trog
   774 | D:1      | Reached skill level 5 in Short Blades
  1006 | D:2      | Reached XP level 4. HP: 28/28 MP: 4/4
  1087 | D:2      | Found a hide-covered altar of Uskayaw.
  1316 | D:2      | Found a shadowy altar of Dithmenos.
  1383 | D:2      | Reached XP level 5. HP: 17/33 MP: 5/5
  1562 | D:2      | Found a bloodstained altar of Trog.
  1768 | D:2      | Gained mutation: Armour fits poorly on your strangely shaped body. [potion of mutation]
  1768 | D:2      | Gained mutation: You are partially covered in molten scales. (AC +2) [potion of mutation]
  1768 | D:2      | Gained mutation: Your skin changes colour to match your surroundings (Stealth+). [potion of mutation]
  1875 | D:3      | Killed from afar by an orc priest

Skill      XL: |  1  2  3  4  5 |
---------------+----------------+-----
Stealth        | 1 2 3 |  3.6
Short Blades   | 5 |  5.7
Dodging        | 3 |  3.2
Fighting       | |  3.9
Armour         | |  1.5

Action                   |  1- 3 |  4- 6 || total
-------------------------+-------+-------++-------
Melee: Short sword       |   100 |   127 ||   227
Invok: Trog's Hand       |       |     3 ||     3
       Berserk           |       |     1 ||     1
  Use: Scroll            |     6 |     3 ||     9
       Potion            |     2 |     1 ||     3
 Stab: Sleeping          |     4 |     8 ||    12
  Eat: Chunk             |     8 |       ||     8
Armor: Animal skin       |    13 |    17 ||    30
Dodge: Dodged            |    52 |   100 ||   152
